 Dungeon Crawl Stone Soup version 0.17.0-23-g0de4337 (console) character file.

156 gw the Cutter (level 5, -7/28 HPs)
             Began as a Vine Stalker Gladiator on Nov 14, 2015.
             Mangled by an ogre
             ... wielding a +0 giant spiked club
              (17 damage)
             ... on level 4 of the Dungeon.
             The game lasted 00:03:10 (2025 turns).

gw the Cutter (Vine Stalker Gladiator)              Turns: 2025, Time: 00:03:10

Health: -7/28      AC:  9    Str: 18    XL:     5   Next: 38%
Magic:  0/6        EV: 12    Int:  8    God:
Gold:   189        SH:  0    Dex: 15    Spells: 0 memorised, 4 levels left

rFire  . . .     SeeInvis .     a - +2 rapier
rCold  . . .     Clarity  .     m - +0 ring mail
rNeg   . . .     SustAt   .     (no shield)
rPois  .         Gourm    .     c - +0 helmet
rElec  .         Spirit   +     i - +1 cloak
rCorr  .         Warding  .     (no gloves)
rMut   .         Stasis   .     k - +0 pair of boots
MR     .....                    (no amulet)
Stlth  +.........               (no ring)
                                (no ring)

@: not resistant to hostile enchantments, very unstealthy
A: fangs 2, regeneration 1, magic shield, antimagic bite, no device heal 3, rot
immunity
a: no special abilities


You were on level 4 of the Dungeon.
You were not hungry.

You visited 1 branch of the dungeon, and saw 4 of its levels.

You collected 189 gold pieces.

Inventory:

Hand Weapons
 a - a +2 rapier (weapon)
Missiles
 d - 3 throwing nets
 f - 101 stones (quivered)
 g - 25 poisoned needles
Armour
 c - a +0 helmet (worn)
 i - a +1 cloak (worn)
 k - a +0 pair of boots (worn)
 m - a +0 ring mail (worn)
Wands
 n - a wand of flame (0)
Scrolls
 b - 4 scrolls of identify
 l - 2 scrolls of remove curse
Comestibles
 e - 2 bread rations
 j - 2 meat rations
 o - 3 fruits


   Skills:
 + Level 2.8 Fighting
 * Level 3.6 Short Blades
 + Level 2.7 Throwing
 + Level 3.2 Dodging


You had 4 spell levels left.
You didn't know any spells.

Dungeon Overview and Level Annotations

Branches:
Dungeon (4/15)
 Temple: D:4-7

Altars:
Ashenzari


Innate Abilities, Weirdness & Mutations

You have extremely sharp teeth.
Your natural rate of healing is unusually fast.
When hurt, damage is shared between your health and your magic reserves.
Your bite disrupts and absorbs the magic of your enemies.
Potions and wands cannot restore your health.
You are immune to rotting.


Message History

The ogre hits you with a giant spiked club!!
Ouch! That really hurt!
The jackal barely misses you.
Trying to move but square is occupied??
Making a random move You hit the ogre.
You bite the ogre. You drain its power.
You feel invigorated.
The ogre is lightly wounded.
The jackal bites you but does no damage.
The ogre barely misses you.
Trying to move but square is occupied??
Making a random move You hit the ogre.
You bite the ogre. You drain its power.
The ogre is heavily wounded.
The jackal barely misses you. The jackal bites you.
MOVING TO (4,6)
You hit the jackal. You bite the jackal, but do no damage.
The jackal is heavily wounded.
The ogre hits you with a giant spiked club!!
Ouch! That really hurt!
You die...

######### #.......#
#......#.......###
#......+.......Of#
#......#.......#h##
#......#..........####
#......#####.}...}.....
#...........%..........
#..........}...>...}...
#......................
#......#####.}...}.....
#......# .......#####


You could see an ogre and a jackal.

Table legend:
 A = Turns spent in this place as a percentage of turns spent in the entire game.
 B = Non-inter-level travel turns spent in this place as a percentage of non-inter-level travel turns spent in the entire game.
 C = Inter-level travel turns spent in this place as a percentage of turns spent in this place.
 D = Turns resting spent in this place as a percentage of non-inter-level travel turns spent in this place.
 E = Turns spent auto-exploring this place as a percentage of non-inter-level travel turns spent in this place.
 F = Non-inter-level travel turns spent in this place divided by the number of levels of this place that you've seen.
                   A       B       C       D       E      F
               +-------+-------+-------+-------+-------+----------------------
         Total | 100.0 | 100.0 |   0.2 |   0.7 |   2.6 | 950.2
       Dungeon | 100.0 | 100.0 |   0.2 |   0.7 |   2.6 | 950.2
               +-------+-------+-------+-------+-------+----------------------

Table legend:
 A = Kills in this place as a percentage of kills in entire the game.
 B = Kills by you in this place as a percentage of kills by you in the entire game.
 C = Kills by friends in this place as a percentage of kills by friends in the entire game.
 D = Other kills in this place as a percentage of other kills in the entire game.
 E = Experience gained in this place as a percentage of experience gained in the entire game.
 F = Experience gained in this place divided by the number of levels of this place that you have seen.
                   A       B       C       D       E      F
               +-------+-------+-------+-------+-------+----------------------
         Total | 100.0 | 100.0 |  -nan |  -nan | 100.0 |  56.0
       Dungeon | 100.0 | 100.0 |  -nan |  -nan | 100.0 |  56.0
               +-------+-------+-------+-------+-------+----------------------

Vanquished Creatures
  Terence (D:3)
  4 adders
  3 gnolls (D:2)
  2 oozes
  4 orcs (D:3)
  A ball python (D:1)
  4 bats
  4 giant cockroaches
  8 goblins
  7 hobgoblins
  2 jackals (D:4)
  4 kobolds
  A quokka (D:3)
  4 giant newts
  7 rats
56 creatures vanquished.

Notes
Turn   | Place    | Note
--------------------------------------------------------------
     0 | D:1      | gw the Vine Stalker Gladiator began the quest for the Orb.
     0 | D:1      | Reached XP level 1. HP: 11/11 MP: 2/2
   356 | D:1      | Reached XP level 2. HP: 15/15 MP: 3/3
   368 | D:1      | Found a shattered altar of Ashenzari.
   826 | D:2      | Reached XP level 3. HP: 18/18 MP: 4/4
  1020 | D:2      | Reached skill level 3 in Short Blades
  1146 | D:2      | Reached XP level 4. HP: 23/23 MP: 5/5
  1561 | D:3      | Noticed Terence
  1584 | D:3      | Killed Terence
  1584 | D:3      | Reached XP level 5. HP: 27/27 MP: 6/6
  2010 | D:4      | Noticed an ogre
  2025 | D:4      | Mangled by an ogre

Action                   |  1- 3 |  4- 6 || total
-------------------------+-------+-------++-------
Melee: Rapier            |    64 |   101 ||   165
Throw: Stone             |    49 |    29 ||    78
Evoke: Wand              |     4 |     4 ||     8
  Use: Scroll            |     3 |     6 ||     9
       Potion            |     2 |     6 ||     8
  Eat: Chunk             |     1 |     3 ||     4

Vault maps used:
D:1:      elethiomel_arrival_maze, nicolae_ashenzari_panopticon
D:3:      first_bread, uniq_terence
D:4:      grunt_ministairs_2, fountainhead, minmay_statues_item
